 Dungeon Crawl Stone Soup version 0.18.1-50-g88ac8fd (webtiles) character file.

264 Gargoyl the Covered (level 5, -4/42 HPs)
             Began as a Demonspawn Abyssal Knight on Oct 18, 2016.
             Was a Priest of Lugonu.
             Slain by an orc priest
             ... wielding a cursed -2 war axe
              (7 damage)
             ... on level 4 of the Dungeon.
             The game lasted 00:06:54 (2458 turns).

Gargoyl the Covered (Demonspawn Abyssal Knight)     Turns: 2458, Time: 00:06:55

Health: -4/42      AC: 19    Str: 13    XL:     5   Next: 98%
Magic:  7/7        EV:  4    Int: 16    God:    Lugonu [***...]
Gold:   187        SH:  0    Dex: 12    Spells: 0 memorised, 4 levels left

rFire  . . .     SeeInvis .     a - +2 hand axe
rCold  . . .     Gourm    .     e - +0 plate armour
rNeg   . . .     Faith    .     (no shield)
rPois  .         Spirit   .     d - +1 hat {Int+3}
rElec  .         Dismiss  .     (no cloak)
rCorr  .         Reflect  .     n - +0 pair of gloves
SustAt .         Harm     .     v - +0 pair of boots
MR     .....                    (no amulet)
Stlth  ..........               (no ring)
                                (no ring)

@: not resistant to hostile enchantments, extremely unstealthy
A: hooves 1, rough black scales 1, blurry vision 1, powered by death 1
a: Depart the Abyss, Bend Space, Banish, Renounce Religion


You were on level 4 of the Dungeon.
You worshipped Lugonu.
Lugonu was most pleased with you.
You were not hungry.

You visited 1 branch of the dungeon, and saw 4 of its levels.
You visited the Abyss 1 time.

You collected 187 gold pieces.

Inventory:

Hand Weapons
 a - a +2 hand axe (weapon)
Missiles
 i - 3 tomahawks (quivered)
Armour
 d - a +1 hat of intelligence (worn)
 e - a +0 plate armour (worn)
 n - a +0 pair of gloves (worn)
 v - a +0 pair of boots (worn)
Jewellery
 m - an uncursed ring of protection from magic {unknown}
Wands
 k - a wand of random effects (30/48)
Scrolls
 h - 3 scrolls of blinking
 j - 2 scrolls of amnesia
Potions
 f - a potion of cancellation {unknown}
 p - a potion of heal wounds
 q - a potion of resistance {unknown}
 t - a potion of curing
 w - 2 potions of flight {unknown}
 x - a potion of haste {unknown}
Comestibles
 b - 7 fruits
 c - 3 bread rations
 g - 2 chunks of flesh
 l - 3 meat rations
 s - a beef jerky


   Skills:
 + Level 3.8 Fighting
 + Level 3.0 Axes
 * Level 4.1 Armour
 + Level 1.0 Dodging
 * Level 3.9 Invocations


You had 4 spell levels left.
You didn't know any spells.

Dungeon Overview and Level Annotations

Branches:
Dungeon (4/15)
 Temple: D:4-7

Altars:
Xom
Zin


Innate Abilities, Weirdness & Mutations

You have large cloven feet.
You are partially covered in rough black scales (AC +4, Dex -1).
You regenerate a little health from kills.
Scrolls take you a little longer to read.


Message History

[Y]es or [N]o only, please.
Really read with blurry vision while enemies are nearby? [Y]es or [N]o only, please.
Really read with blurry vision while enemies are nearby? [Y]es or [N]o only, please.
Really read with blurry vision while enemies are nearby? [Y]es or [N]o only, please.
Really read with blurry vision while enemies are nearby? [Y]es or [N]o only, please.
Really read with blurry vision while enemies are nearby? [Y]es or [N]o only, please.
Really read with blurry vision while enemies are nearby?
The orc priest calls down the wrath of Beogh upon you.
Pain shoots through your body!
* * * LOW HITPOINT WARNING * * *
The ogre hits you with a giant club.
* * * LOW HITPOINT WARNING * * *
You begin reading the scroll.
You continue reading the scroll.
The orc priest hits you with a war axe!
You die...

.....### #...... #....#
#...... #....# ###...#
#....# ###.. #....# ##.
#....# ######.
#....######......
.#######)..........####.
...oooo@....######## #.
...S####O....# #. #
...####...# ## #.. ##.#
#.. .# ... . ##.. . #.>


You could see an ogre, 2 orc priests, an adder and 2 orcs.

Vanquished Creatures
  An ogre (D:3)
  An orc wizard (D:4)
  A hound (D:4)
  A worker ant (D:4)
  An adder (D:3)
  An adder skeleton (D:3)
  A giant gecko (D:2)
  7 orcs
  A giant cockroach (D:1)
  11 goblins
  9 hobgoblins
  8 jackals (D:2)
  2 quokkas
  3 ball pythons
  6 bats
  4 giant newts
  11 kobolds
  7 rats
76 creatures vanquished.

Notes
Turn   | Place    | Note
--------------------------------------------------------------
     0 | Abyss:1  | Gargoyl the Demonspawn Abyssal Knight began the quest for the Orb.
     0 | Abyss:1  | Reached XP level 1. HP: 18/18 MP: 2/2
    18 | Abyss:2  | Noticed a neqoxec
    30 | Abyss:2  | Noticed a crimson imp
    33 | Abyss:2  | Gained mutation: Scrolls take you a little longer to read. [a neqoxec]
    47 | D:1      | Escaped the Abyss
   116 | D:1      | Reached skill level 2 in Armour
   176 | D:1      | Reached * piety under Lugonu
   382 | D:1      | Gained mutation: You regenerate a little health from kills. [demonic ancestry]
   382 | D:1      | Reached XP level 2. HP: 21/24 MP: 3/3
  1202 | D:2      | Gained mutation: You are partially covered in rough black scales (AC +4, Dex -1). [demonic ancestry]
  1202 | D:2      | Reached XP level 3. HP: 29/29 MP: 5/5
  1283 | D:2      | Reached ** piety under Lugonu
  1644 | D:3      | Found a shimmering altar of Xom.
  1737 | D:3      | Found a glowing silver altar of Zin.
  1900 | D:3      | Reached XP level 4. HP: 35/35 MP: 6/6
  1911 | D:3      | Reached skill level 3 in Armour
  2043 | D:3      | Reached *** piety under Lugonu
  2359 | D:4      | Noticed an ogre
  2375 | D:3      | Killed an ogre
  2375 | D:3      | Reached skill level 1 in Dodging
  2375 | D:3      | Gained mutation: You have large cloven feet. [demonic ancestry]
  2375 | D:3      | Reached XP level 5. HP: 35/41 MP: 7/7
  2397 | D:4      | Reached skill level 4 in Armour
  2439 | D:4      | Noticed an ogre
  2457 | D:4      | HP: 2/42 [ogre/giant club (6)]
  2458 | D:4      | Slain by an orc priest

Skill      XL: |  1  2  3  4  5 |
---------------+----------------+-----
Armour         | 2 3 4 |  4.1
Axes           | 2 3 |  3.0
Invocations    | 3 |  3.9
Dodging        | 1 |  1.0
Fighting       | |  3.8

Action                   |  1- 3 |  4- 6 || total
-------------------------+-------+-------++-------
Melee: Hand axe          |   212 |    75 ||   287
Throw: Tomahawk          |       |     2 ||     2
Invok: Depart the Abyss  |     1 |       ||     1
  Use: Scroll            |    10 |     1 ||    11
       Potion            |       |     4 ||     4
  Eat: Chunk             |     4 |     2 ||     6
Armor: Plate armour      |   242 |    82 ||   324
       Leather armour    |     6 |       ||     6
Dodge: Dodged            |    47 |    16 ||    63
